cohdb
Replays
Latest Replays
All Replays
Popular Replays
Top Player Replays
Match Explorer
How It Works
Community
CoH3 Stats
Reddit
Sign in to upload your games and track your stats! →
Sign in with Steam
Match 46225405
Unlisted
Match 46225405
Overview
Messages
Build Orders
End
Kradschützen Motorcycle Team
Panzergrenadier Squad
Panzergrenadier Squad
250 Light Carrier
Construct Light Support Kompanie
Combat Half-tracks
Selects Italian Infantry
Selects Italian Infantry
Fire Support Elements
Veteran Squad Leaders
MG34 Team
Selects Guastatori Squad
Guastatori Squad
Pak 38 Mechanized Group
Pak 38 Anti-tank Gun Team
Construct Panzerarmee Kommand
Panzer III L Medium Tank
Selects Sound the Alarm
Selects Prepared Positions
Vehicle Survival Package
Walking Stuka Rocket Launcher
Advanced Field Repairs
Emergency Repair Kits
Armored Reserves
Tungsten Core Ammunition
Advanced Optics
Tiger Heavy Tank
2.5-tonne Medical Truck
Panzer III L Medium Tank
Walking Stuka Rocket Launcher
MaXiS
Adrian Calu
0
0
Comments
sign in to comment!
No comments posted yet!